 Dungeon Crawl Stone Soup version 0.29.0-4-gdea44cf6ec (webtiles) character file.

Game seed: 16750854203794283684

7422 qw the Severer (level 10, -9/89 (91) HPs)
             Began as a Minotaur Berserker on Sept 5, 2022.
             Was an Elder of Trog.
             Mangled by a two-headed ogre
             ... wielding a +0 giant club
              (20 damage)
             ... on level 9 of the Dungeon.
             The game lasted 00:03:33 (11235 turns).

qw the Severer (Minotaur Berserker)                Turns: 11235, Time: 00:03:33

HP:   -9/89 (91)    AC: 10    Str: 25    XL:     10   Next: 93%
MP:   9/9           EV: 14    Int:  4    God:    Trog [****..]
Gold: 411           SH:  5    Dex: 17    Spells: 9/9 levels left

rFire   + . .      SeeInvis +   f - +1 broad axe
rCold   + . .      Faith    .   (no shield)
rNeg    . . .      Spirit   .   b - +3 ring mail "Deotu" {Drain rElec rF+ SInv}
rPois   .          Reflect  +   (helmet restricted)
rElec   +          Harm     .   (no cloak)
rCorr   .          Rampage  .   (no gloves)
Will    .....                   k - +0 pair of boots
Stlth   +.........              g - amulet of reflection
HPRegen 0.24/turn               d - +6 ring of dexterity
MPRegen 0.11/turn               i - ring of protection from cold

@: about to teleport, on berserk cooldown, slowed, lightly drained, very slow
A: horns 2, retaliatory headbutt
a: Renounce Religion, Berserk, Trog's Hand, Brothers in Arms


You were on level 9 of the Dungeon.
You worshipped Trog.
Trog was greatly pleased with you.
You visited 1 branch of the dungeon, and saw 9 of its levels.

You collected 563 gold pieces.
You spent 152 gold pieces at shops.


Innate Abilities, Weirdness & Mutations

You have a pair of horns on your head.
You reflexively headbutt those who attack you in melee.


   Skills:
 - Level 9.0 Fighting
 + Level 16.0 Axes
 - Level 3.6 Throwing
 - Level 5.4 Armour
 - Level 6.0 Dodging


You had 9 spell levels left.
You didn't know any spells.
Your spell library was empty.

Inventory:

Hand Weapons
 f - a +1 broad axe (weapon)
 t - a +1 flail of holy wrath
Missiles
 q - a javelin (quivered)
 r - 4 boomerangs
Armour
 b - the +3 ring mail "Deotu" (worn) {Drain rElec rF+ SInv}
   (You found it on level 7 of the Dungeon)

   rF:        It protects you from fire.
   rElec:     It insulates you from electricity.
   SInv:      It lets you see invisible.
   Drain:     It drains your maximum health when unequipped.
 k - a +0 pair of boots (worn)
 n - a +0 plate armour
Jewellery
 d - a +6 ring of dexterity (left hand)
 g - an amulet of reflection (around neck)
 i - a ring of protection from cold (right hand)
Scrolls
 c - a scroll of teleportation
 o - a scroll of identify
Potions
 a - a potion of might
 e - a potion of resistance
 h - 2 potions of curing
 l - 4 potions of haste
 m - a potion of mutation
 p - a potion of degeneration {unknown}

Dungeon Overview and Level Annotations

Branches:
Dungeon (9/15)             Temple (0/1) D:4            Lair (0/5) D:9
    Orc: D:9-12

Altars:
Ashenzari
Cheibriados
Elyvilon
Gozag
Nemelex Xobeh
Sif Muna
Uskayaw
Wu Jian

Shops:
D:3 *   D:6 (   D:7 *

Annotations:
D:3 1 runed translucent door, Crazy Yiuf
D:4 2 runed translucent doors, qw's ghost, amateur BaCK


Message History

The gnoll sergeant hits you but does no damage.
The gnoll hits you from afar with a +0 halberd!
The basilisk gazes at you. You resist with some effort.
The centaur warrior hits you but does no damage.
The centaur warrior kicks you but does no damage.
The wight hits you but does no damage. The two-headed ogre barely misses you.
The two-headed ogre hits you with a +0 giant spiked club.
The basilisk gazes at you. You resist with some effort.
The gnoll sergeant hits you from afar with a +0 spear!
The gnoll hits you from afar with a +0 halberd.
The centaur warrior hits you but does no damage.
The centaur warrior kicks you but does no damage.
The wight hits you with a +0 hand axe.
The gnoll sergeant hits you from afar with a +0 spear!
The basilisk gazes at you. You resist with some effort.
The gnoll hits you from afar with a +0 halberd!
The two-headed ogre hits you with a +0 giant club.
The two-headed ogre hits you with a +0 giant spiked club!
The centaur warrior hits you but does no damage.
The centaur warrior kicks you but does no damage.
The wight hits you but does no damage.
The gnoll sergeant hits you from afar with a +0 spear!
The gnoll hits you from afar with a +0 halberd!
The basilisk gazes at you. The wight hits you but does no damage.
The wight hits you with a +3 hand axe.
You turn to flesh and can move again.
11235 ||| READING 2 scrolls of teleportation.
As you read the scroll of teleportation, it crumbles to dust.
You feel strangely unstable. The centaur warrior hits you.
The centaur warrior kicks you but does no damage.
The basilisk misses you. The two-headed ogre barely misses you.
You furiously retaliate!
You headbutt the two-headed ogre, but do no damage.
The two-headed ogre hits you with a +0 giant spiked club!!
You die...

###### ##..??.###
......Y..## ......lY..#
....YYO@z.#####
.~..Ygc~z))#..#
(~¤¤zcg~[))##.#####.#
¤~¤~)zY~..)'........####
.~¤¤YYz~(..##.#######).#
.~....c~...#...## #...
..........##....# #.##
..........#####.### #.##
........## #...###...


You could see a centaur warrior, a two-headed ogre, 8 yaks, a basilisk, a gnoll
sergeant, 2 centaurs, 5 wights and a gnoll.

Vanquished Creatures
  Erica (D:8)
  An ugly thing (D:7)
  An unseen horror (D:9)
  A troll (D:9)
  Grinder (D:3)
  2 slime creatures (D:7)
  2 wyverns (D:9)
  4 yaks (D:7)
  3 steam dragons
  A water moccasin (D:5)
  An orc warrior (D:8)
  A sky beast (D:7)
  3 black bears
  2 ogres
  3 wolves (D:9)
  5 centaurs
  4 bullfrogs
  A necrophage (D:4)
  3 scorpions
  6 wights
  10 killer bees
  2 howler monkeys
  9 hounds
  A gnoll bouda (D:3)
  4 orc priests
  7 iguanas
  Natasha (thrice) (D:4)
  10 orc wizards
  Ijyb (D:5)
  12 gnolls
  5 adders
  A white imp (D:7)
  An ufetubus (D:5)
  3 adder skeletons (D:2)
  2 worms (D:4)
  A dart slug (D:5)
  40 orcs
  3 bat skeletons (D:2)
  14 endoplasms
  2 giant cockroaches
  11 goblins
  9 hobgoblins
  12 jackals
  5 quokkas
  9 ball pythons
  A ball python skeleton (D:2)
  2 ball python zombies (D:2)
  4 bats
  3 frilled lizards
  9 kobolds
  A quokka skeleton (D:2)
  A quokka zombie (D:2)
  6 rats
250 creatures vanquished.

Vanquished Creatures (collateral kills)
  2 electric eels (D:9)
  A hound (D:9)
3 creatures vanquished.

Vanquished Creatures (others)
  An electric eel (D:9)
  3 fungi (D:1)
  8 plants
  4 withered plants (D:2)
16 creatures vanquished.

Grand Total: 269 creatures vanquished

Notes
Turn   | Place    | Note
-------+----------+-------------------------------------------
     0 | D:1      | qw the Minotaur Berserker began the quest for the Orb.
     0 | D:1      | Reached XP level 1. HP: 19/19 MP: 0/0
     0 | D:1      | 0 ||| qw: Version: 0.1-a-104-g96f76f8
     0 | D:1      | 0 ||| qw: Game counter: 5988
     0 | D:1      | 0 ||| qw: Always use a shield: true
     0 | D:1      | 0 ||| qw: Do Orc after D:15 true
     0 | D:1      | 0 ||| qw: Do second Lair branch before Depths: true
     0 | D:1      | 0 ||| qw: Lair rune preference: random
     0 | D:1      | 0 ||| qw: Plans: Normal
     0 | D:1      | 0 ||| PLANNING D:1-11
   219 | D:1      | 219 ||| Stepping ~*~*~tactically~*~*~ (stealth).
   220 | D:1      | 220 ||| Stepping ~*~*~tactically~*~*~ (stealth).
   226 | D:1      | Reached skill level 4 in Axes
   226 | D:1      | 226 ||| Stepping ~*~*~tactically~*~*~ (stealth).
   239 | D:1      | 239 ||| Stepping ~*~*~tactically~*~*~ (stealth).
   240 | D:1      | 240 ||| Stepping ~*~*~tactically~*~*~ (stealth).
   241 | D:1      | 241 ||| Stepping ~*~*~tactically~*~*~ (stealth).
   242 | D:1      | 242 ||| Stepping ~*~*~tactically~*~*~ (stealth).
   255 | D:1      | 255 ||| Stepping ~*~*~tactically~*~*~ (stealth).
   258 | D:1      | 258 ||| Stepping ~*~*~tactically~*~*~ (stealth).
   264 | D:1      | 264 ||| Stepping ~*~*~tactically~*~*~ (stealth).
   265 | D:1      | 265 ||| Stepping ~*~*~tactically~*~*~ (stealth).
   266 | D:1      | 266 ||| Stepping ~*~*~tactically~*~*~ (stealth).
   278 | D:1      | 278 ||| Stepping ~*~*~tactically~*~*~ (stealth).
   279 | D:1      | 279 ||| Stepping ~*~*~tactically~*~*~ (stealth).
   312 | D:1      | Reached XP level 2. HP: 26/26 MP: 1/1
   328 | D:1      | Found a faded altar of an unknown god.
   795 | D:1      | Reached skill level 5 in Axes
   819 | D:1      | Reached XP level 3. HP: 28/31 MP: 2/2
   883 | D:1      | Reached ** piety under Trog
  1185 | D:1      | 1185 ||| UPGRADING to +0 leather armour.
  1195 | D:1      | 1195 ||| DROPPING +0 animal skin.
  1196 | D:1      | 1196 ||| READING scroll labelled SYNYLIALYSU.
  1197 | D:1      | 1197 ||| READING scroll labelled BAYBRU XOOWE.
  1198 | D:1      | 1198 ||| READING scroll labelled URIRUO HATZ.
  1203 | D:1      | 1203 ||| READING scroll labelled ZUZXEV KUWK.
  1354 | D:2      | Reached skill level 1 in Throwing
  1356 | D:2      | 1356 ||| Stepping ~*~*~tactically~*~*~ (stealth).
  1369 | D:2      | 1369 ||| INVOKING Berserk.
  1371 | D:2      | Reached XP level 4. HP: 35/39 MP: 3/3
  1372 | D:2      | Reached skill level 6 in Axes
  1519 | D:2      | 1519 ||| Stepping ~*~*~tactically~*~*~ (stealth).
  1785 | D:2      | 1785 ||| Stepping ~*~*~tactically~*~*~ (stealth).
  1786 | D:2      | 1786 ||| Stepping ~*~*~tactically~*~*~ (stealth).
  1801 | D:2      | 1801 ||| FLEEEEING.
  1840 | D:2      | 1840 ||| Stepping ~*~*~tactically~*~*~ (hiding).
  1966 | D:2      | 1966 ||| DROPPING +0 club.
  2060 | D:2      | 2060 ||| Stepping ~*~*~tactically~*~*~ (stealth).
  2144 | D:2      | Reached *** piety under Trog
  2317 | D:2      | 2317 ||| UPGRADING to +0 ring mail.
  2343 | D:2      | 2343 ||| DROPPING +0 leather armour.
  2344 | D:2      | 2344 ||| READING scroll labelled PARECS DUAM.
  2364 | D:3      | Found a sparkling altar of Nemelex Xobeh.
  2375 | D:3      | 2375 ||| Stepping ~*~*~tactically~*~*~ (stealth).
  2485 | D:3      | Noticed Grinder
  2486 | D:3      | 2486 ||| INVOKING Trog's Hand.
  2487 | D:3      | 2487 ||| INVOKING Berserk.
  2493 | D:3      | Killed Grinder
  2494 | D:3      | Reached skill level 8 in Axes
  2494 | D:3      | Reached XP level 5. HP: 45/45 MP: 4/4
  2494 | D:3      | Reached XP level 6. HP: 51/51 MP: 5/5
  2707 | D:3      | Found Wuofedid's General Store.
  2717 | D:3      | 2717 ||| BUYING potion of curing (36 gold).
  2717 | D:3      | Bought a potion of curing for 36 gold pieces
  2717 | D:3      | 2717 ||| SHOPLISTING scroll of enchant armour (90 gold,
                  | have 89).
  2725 | D:3      | Found a runed translucent door.
  2726 | D:3      | Noticed Crazy Yiuf
  2854 | D:3      | 2854 ||| Stepping ~*~*~tactically~*~*~ (stealth).
  2879 | D:3      | 2879 ||| FLEEEEING.
  2880 | D:3      | 2880 ||| FLEEEEING.
  2881 | D:3      | 2881 ||| FLEEEEING.
  2882 | D:3      | 2882 ||| FLEEEEING.
  2883 | D:3      | 2883 ||| FLEEEEING.
  2884 | D:3      | 2884 ||| FLEEEEING.
  2885 | D:3      | 2885 ||| FLEEEEING.
  2886 | D:3      | 2886 ||| FLEEEEING.
  2887 | D:3      | 2887 ||| FLEEEEING.
  2888 | D:3      | 2888 ||| FLEEEEING.
  2891 | D:3      | 2891 ||| FLEEEEING.
  2892 | D:3      | 2892 ||| FLEEEEING.
  2893 | D:3      | 2893 ||| FLEEEEING.
  2894 | D:3      | 2894 ||| FLEEEEING.
  2895 | D:3      | 2895 ||| FLEEEEING.
  2896 | D:3      | 2896 ||| FLEEEEING.
  2897 | D:3      | 2897 ||| FLEEEEING.
  2898 | D:3      | 2898 ||| FLEEEEING.
  2899 | D:3      | 2899 ||| FLEEEEING.
  2900 | D:3      | 2900 ||| FLEEEEING.
  2906 | D:3      | 2906 ||| FLEEEEING.
  2907 | D:3      | 2907 ||| FLEEEEING.
  2908 | D:3      | 2908 ||| FLEEEEING.
  2909 | D:3      | 2909 ||| FLEEEEING.
  2910 | D:3      | 2910 ||| FLEEEEING.
  2911 | D:3      | 2911 ||| STAIRDANCE
  3045 | D:2      | 3045 ||| UPGRADING to +6 ring of dexterity.
  3046 | D:2      | 3046 ||| READING scroll labelled JAIFEXT KETTUE.
  3047 | D:2      | 3047 ||| DRINKING 3 fizzy white potions.
  3048 | D:2      | 3048 ||| DROPPING 2 potions of attraction.
  3054 | D:3      | 3054 ||| STAIRDANCE
  3414 | D:3      | 3414 ||| UPGRADING to +0 pair of boots.
  3419 | D:3      | 3419 ||| DROPPING ring of flight.
  3420 | D:3      | 3420 ||| READING scroll labelled CUWKUAMEUR.
  3449 | D:4      | 3449 ||| STAIRDANCE
  3451 | D:3      | 3451 ||| INVOKING Berserk.
  3610 | D:4      | 3610 ||| STAIRDANCE
  3612 | D:3      | 3612 ||| INVOKING Berserk.
  3755 | D:4      | 3755 ||| STAIRDANCE
  3757 | D:3      | 3757 ||| INVOKING Berserk.
  3863 | D:3      | 3863 ||| DROPPING +0 mace.
  3892 | D:4      | 3892 ||| STAIRDANCE
  3894 | D:3      | 3894 ||| INVOKING Berserk.
  4195 | D:4      | 4195 ||| INVOKING Berserk.
  4199 | D:4      | Reached skill level 9 in Axes
  4248 | D:4      | 4248 ||| Stepping ~*~*~tactically~*~*~ (stealth).
  4358 | D:4      | 4358 ||| Stepping ~*~*~tactically~*~*~ (stealth).
  4360 | D:4      | 4360 ||| INVOKING Berserk.
  4361 | D:4      | Reached XP level 7. HP: 40/60 MP: 6/6
  4379 | D:4      | 4379 ||| Stepping ~*~*~tactically~*~*~ (stealth).
  4380 | D:4      | 4380 ||| Stepping ~*~*~tactically~*~*~ (stealth).
  4624 | D:4      | Found a staircase to the Ecumenical Temple.
  4714 | D:4      | Reached skill level 3 in Dodging
  4969 | D:4      | 4969 ||| INVOKING Berserk.
  5224 | D:4      | Noticed Natasha
  5227 | D:4      | 5227 ||| INVOKING Berserk.
  5228 | D:4      | Killed Natasha
  5348 | D:4      | Noticed Natasha
  5349 | D:4      | 5349 ||| UPGRADING to +0 scale mail.
  5352 | D:4      | 5352 ||| Stepping ~*~*~tactically~*~*~ (hiding).
  5354 | D:4      | 5354 ||| INVOKING Berserk.
  5356 | D:4      | Killed Natasha
  5487 | D:4      | 5487 ||| UPGRADING to +0 scale mail.
  5497 | D:4      | 5497 ||| DROPPING +0 ring mail.
  5609 | D:4      | Noticed Natasha
  5610 | D:4      | 5610 ||| UPGRADING to amulet of reflection.
  5616 | D:4      | 5616 ||| INVOKING Berserk.
  5619 | D:4      | Killed Natasha
  5786 | D:4      | Found a large runed translucent door.
  5787 | D:4      | Found a large runed translucent door.
  5790 | D:4      | Noticed qw's ghost (amateur BaCK)
  5797 | D:4      | 5797 ||| READING scroll labelled ILETAXZU HAAMN.
  5798 | D:4      | 5798 ||| DRINKING 2 purple potions.
  5845 | D:5      | Entered Level 5 of the Dungeon
  5886 | D:5      | 5886 ||| Stepping ~*~*~tactically~*~*~ (hiding).
  5887 | D:5      | 5887 ||| Stepping ~*~*~tactically~*~*~ (hiding).
  5888 | D:5      | 5888 ||| Stepping ~*~*~tactically~*~*~ (hiding).
  6041 | D:5      | Reached skill level 10 in Axes
  6103 | D:5      | 6103 ||| INVOKING Berserk.
  6118 | D:5      | Noticed Ijyb
  6119 | D:5      | HP: 13/62 [water moccasin (4)]
  6120 | D:5      | 6120 ||| READING 2 scrolls of teleportation.
  6120 | D:5      | HP: 6/62 [water moccasin (5)]
  6124 | D:5      | 6124 ||| READING scroll of teleportation.
  6125 | D:5      | HP: 2/62 [orc wizard/+0 dagger (1)]
  6172 | D:5      | 6172 ||| Stepping ~*~*~tactically~*~*~ (stealth).
  6427 | D:5      | 6427 ||| INVOKING Berserk.
  6429 | D:5      | Reached skill level 6 in Fighting
  6429 | D:5      | Reached XP level 8. HP: 71/71 MP: 7/7
  6438 | D:5      | Killed Ijyb
  6653 | D:5      | 6653 ||| SWAPPING to +0 war axe.
  6656 | D:5      | 6656 ||| DROPPING +0 hand axe.
  6884 | D:5      | Found a faded altar of an unknown god.
  6884 | D:5      | Found a snail-covered altar of Cheibriados.
  6895 | D:5      | Found an opulent altar of Gozag.
  6897 | D:5      | Found an ornate altar of the Wu Jian Council.
  6899 | D:5      | Found a faded altar of an unknown god.
  7010 | D:5      | 7010 ||| UPGRADING to +0 chain mail.
  7020 | D:5      | 7020 ||| DROPPING +0 scale mail.
  7021 | D:5      | 7021 ||| DRINKING 2 emerald potions.
  7126 | D:5      | 7126 ||| DROPPING potion of berserk rage.
  7191 | D:6      | 7191 ||| Stepping ~*~*~tactically~*~*~ (hiding).
  7198 | D:6      | 7198 ||| INVOKING Berserk.
  7208 | D:6      | Reached skill level 3 in Armour
  7209 | D:6      | Reached skill level 11 in Axes
  7213 | D:6      | Reached **** piety under Trog
  7498 | D:6      | Found Vobueps's Antique Weapon Emporium.
  7535 | D:6      | 7535 ||| DRINKING 4 potions of curing.
  7535 | D:6      | 7535 ||| (to cure confusion)
  7653 | D:6      | 7653 ||| INVOKING Berserk.
  7796 | D:6      | 7796 ||| DROPPING +0 flail.
  7866 | D:6      | Found a white marble altar of Elyvilon.
  7970 | D:6      | 7970 ||| READING scroll labelled SIKOTO LIAD.
  7971 | D:6      | 7971 ||| READING 3 scrolls of identify.
  7971 | D:6      | 7971 ||| IDENTIFYING black potion
  7972 | D:6      | 7972 ||| READING 2 scrolls of identify.
  7972 | D:6      | 7972 ||| IDENTIFYING viscous white potion
  7973 | D:6      | 7973 ||| DROPPING potion of ambrosia.
  8038 | D:7      | 8038 ||| Stepping ~*~*~tactically~*~*~ (hiding).
  8115 | D:7      | Reached skill level 12 in Axes
  8137 | D:7      | Found a hide-covered altar of Uskayaw.
  8171 | D:7      | Reached XP level 9. HP: 72/79 MP: 8/8
  8209 | D:7      | 8209 ||| INVOKING Berserk.
  8275 | D:7      | 8275 ||| Stepping ~*~*~tactically~*~*~ (stealth).
  8276 | D:7      | 8276 ||| Stepping ~*~*~tactically~*~*~ (stealth).
  8296 | D:7      | Reached skill level 13 in Axes
  8377 | D:7      | Identified the +3 ring mail "Deotu" {Drain rElec rF+ SInv}
  8388 | D:7      | 8388 ||| Stepping ~*~*~tactically~*~*~ (stealth).
  8391 | D:7      | 8391 ||| Stepping ~*~*~tactically~*~*~ (stealth).
  8393 | D:7      | 8393 ||| Stepping ~*~*~tactically~*~*~ (hiding).
  8446 | D:7      | Found Acuhowur's Elemental Accessories.
  8475 | D:7      | 8475 ||| INVOKING Berserk.
  8852 | D:7      | Noticed a white ugly thing
  8855 | D:7      | 8855 ||| INVOKING Berserk.
  8860 | D:7      | Killed a white ugly thing
  9031 | D:7      | Reached skill level 14 in Axes
  9031 | D:7      | Reached XP level 10. HP: 90/90 MP: 9/9
  9067 | D:7      | 9067 ||| UPGRADING to +3 ring mail "Deotu" {Drain rElec rF+
                  | SInv}.
  9077 | D:7      | 9077 ||| READING scroll labelled WAROCU WOSAO.
  9078 | D:7      | 9078 ||| READING 3 scrolls of identify.
  9078 | D:7      | 9078 ||| IDENTIFYING glowing silvery potion
  9079 | D:7      | 9079 ||| READING 2 scrolls of identify.
  9079 | D:7      | 9079 ||| IDENTIFYING grey potion
  9080 | D:7      | 9080 ||| DROPPING potion of flight.
  9103 | D:6      | 9103 ||| BUYING broad axe (116 gold).
  9103 | D:6      | Bought a broad axe for 116 gold pieces
  9103 | D:6      | 9103 ||| SWAPPING to +0 broad axe.
  9104 | D:6      | 9104 ||| DROPPING +0 spectral war axe.
  9105 | D:6      | 9105 ||| READING 3 scrolls of teleportation.
  9126 | D:8      | 9126 ||| STAIRDANCE
  9160 | D:8      | 9160 ||| STAIRDANCE
  9228 | D:8      | Found a shimmering blue altar of Sif Muna.
  9438 | D:8      | 9438 ||| Stepping ~*~*~tactically~*~*~ (stealth).
  9442 | D:8      | 9442 ||| Stepping ~*~*~tactically~*~*~ (stealth).
  9452 | D:8      | 9452 ||| INVOKING Berserk.
  9578 | D:8      | 9578 ||| DROPPING +0 whip of freezing.
  9701 | D:8      | 9701 ||| DRINKING 3 potions of curing.
  9701 | D:8      | 9701 ||| (to cure confusion)
  9751 | D:8      | Noticed Erica
  9752 | D:8      | 9752 ||| Stepping ~*~*~tactically~*~*~ (hiding).
  9757 | D:8      | 9757 ||| INVOKING Berserk.
  9763 | D:8      | Killed Erica
  9764 | D:8      | Reached skill level 3 in Throwing
  9791 | D:8      | 9791 ||| Stepping ~*~*~tactically~*~*~ (stealth).
  9792 | D:8      | 9792 ||| FLEEEEING.
  9793 | D:8      | 9793 ||| FLEEEEING.
  9794 | D:8      | 9794 ||| STAIRDANCE
  9896 | D:7      | 9896 ||| DROPPING +0 chain mail.
  9897 | D:7      | 9897 ||| READING 4 scrolls of identify.
  9897 | D:7      | 9897 ||| IDENTIFYING viscous coppery potion
  9898 | D:7      | 9898 ||| READING 3 scrolls of identify.
  9898 | D:7      | 9898 ||| IDENTIFYING fuming red potion
  9899 | D:7      | 9899 ||| READING 2 scrolls of identify.
  9899 | D:7      | 9899 ||| IDENTIFYING bubbling clear potion
  9900 | D:7      | 9900 ||| DROPPING potion of brilliance.
  9901 | D:7      | 9901 ||| DROPPING potion of invisibility.
 10094 | D:8      | 10094 ||| Stepping ~*~*~tactically~*~*~ (stealth).
 10097 | D:8      | 10097 ||| Stepping ~*~*~tactically~*~*~ (stealth).
 10285 | D:8      | 10285 ||| UPGRADING to ring of protection from cold.
 10327 | D:9      | 10327 ||| READING scroll of enchant weapon.
 10327 | D:9      | 10327 ||| ENCHANTING +0 broad axe.
 10352 | D:9      | 10352 ||| Stepping ~*~*~tactically~*~*~ (hiding).
 10362 | D:9      | 10362 ||| Stepping ~*~*~tactically~*~*~ (stealth).
 10363 | D:9      | 10363 ||| INVOKING Berserk.
 10367 | D:9      | Reached skill level 15 in Axes
 10378 | D:9      | Reached ***** piety under Trog
 10379 | D:9      | Reached skill level 9 in Fighting
 10395 | D:9      | 10395 ||| FLEEEEING.
 10399 | D:9      | 10399 ||| INVOKING Brothers in Arms.
 10400 | D:9      | 10400 ||| INVOKING Brothers in Arms.
 10401 | D:9      | 10401 ||| Stepping ~*~*~tactically~*~*~ (water).
 10405 | D:9      | Found a staircase to the Lair.
 10411 | D:9      | Reached skill level 6 in Dodging
 10794 | D:9      | 10794 ||| Stepping ~*~*~tactically~*~*~ (hiding).
 10940 | D:9      | 10940 ||| INVOKING Berserk.
 11117 | D:9      | 11117 ||| Stepping ~*~*~tactically~*~*~ (hiding).
 11123 | D:9      | Found a broken altar of Ashenzari.
 11206 | D:9      | Noticed a centaur warrior
 11207 | D:9      | 11207 ||| INVOKING Berserk.
 11225 | D:9      | Noticed a two-headed ogre
 11226 | D:9      | Reached skill level 16 in Axes
 11233 | D:9      | HP: 19/89 [two-headed ogre/+0 giant club (4)]
 11235 | D:9      | 11235 ||| READING 2 scrolls of teleportation.
 11235 | D:9      | Mangled by a two-headed ogre

Levels and vault maps discovered:
D:1:      amcnicky_arrival_blooded_trapdoor, layout_loops_cross,
          shapermc_ecumenical_altar_mp_ritualfount
D:2:      layout_basic, serial_undead, serial_undead_c, serial_undead_e,
          serial_undead_a, serial_undead_e, serial_undead_a, serial_undead_c,
          serial_undead_f, serial_undead_e, serial_undead_d, serial_undead_a
D:3:      layout_basic, mainiacjoe_overflow_concentric_impassable, serial_shops,
          shop, minivault_5, uniq_grinder, uniq_crazy_yiuf_cottage
D:4:      layout_loops_ring, minmay_temple_entry_stoned_glass,
          ebering_ghost_disaster_area, minmay_misc_feat_nine_boxes,
          minmay_vboxes, uniq_natasha
D:5:      layout_basic, chequers_temple_overflow_minitemple,
          hellmonk_bongcloud_opening, hangedman_decor_peaks_small,
          amcnicky_mini_corridor_feature, uniq_ijyb
D:6:      layout_basic, nicolae_elyvilon_temple_path, nicolae_take_the_stairs
D:7:      minmay_chambers_of_sixes, layout_cave_pools,
          nicolae_uskayaw_dance_hall, nicolae_elemental_shop
D:8:      layout_layer_cave, nicolae_sif_muna_condensation, hex_tiny, uniq_erica
D:9:      statuecave_lemuel, layout_loops_ring, overflow_temple_1_default,
          erik_lair_island, grunt_potential

Skill      XL: |  1  2  3  4  5  6  7  8  9 10 |
---------------+-------------------------------+-----
Axes           | 4 5 8 9 10 12 14 16 | 16.0
Throwing       | 1 3 |  3.6
Fighting       | 4 6 7 8 9 |  9.0
Dodging        | 3 4 6 |  6.0
Armour         | 4 5 |  5.4

Action                   |  1- 3 |  4- 6 |  7- 9 | 10-12 || total
-------------------------+-------+-------+-------+-------++-------
Melee: Hand axe          |    89 |   108 |    95 |       ||   292
       Headbutt          |    12 |    15 |    46 |    32 ||   105
       Punch             |     1 |     1 |     2 |     2 ||     6
       War axe           |       |       |   123 |       ||   123
       Broad axe         |       |       |       |   120 ||   120
Throw: Javelin           |     9 |     3 |       |     7 ||    19
       Boomerang         |       |       |    31 |    14 ||    45
Invok: Berserk           |     1 |     7 |    11 |     5 ||    24
       Trog's Hand       |       |     1 |       |       ||     1
       Brothers in Arms  |       |       |       |     1 ||     1
  Use: Scroll            |     4 |     3 |     6 |     9 ||    22
       Potion            |       |     1 |     3 |     1 ||     5
 Stab: Distracted        |       |       |     1 |       ||     1
Armor: Animal skin       |     9 |       |       |       ||     9
       Leather armour    |     2 |    11 |       |       ||    13
       Ring mail         |       |     4 |     6 |    60 ||    70
       Scale mail        |       |       |    14 |       ||    14
       Chain mail        |       |       |    41 |       ||    41
Dodge: Dodged            |    44 |    65 |    75 |    53 ||   237
Block: Other             |       |       |    35 |    33 ||    68
       Reflection        |       |       |     2 |     3 ||     5

Table legend:
 A = Non-vault XP
 B = Vault XP
 C = Vault XP percentage of total XP
 D = Non-vault monster count
 E = Vault monster count
 F = Vault count percentage of total count
                 A         B        C        D         E       F
            +---------+---------+-------+---------+---------+-------
      Total |    6155 |    4448 |  42.0 |     209 |      45 |  17.7
            +---------+---------+-------+---------+---------+-------
        D:1 |      58 |       0 |   0.0 |      34 |       0 |   0.0
        D:2 |      87 |      26 |  23.0 |      24 |      11 |  31.4
        D:3 |     112 |     272 |  70.8 |      19 |       1 |   5.0
        D:4 |     461 |     126 |  21.5 |      19 |       6 |  24.0
        D:5 |     644 |      33 |   4.9 |      20 |       1 |   4.8
        D:6 |     680 |       0 |   0.0 |      29 |       0 |   0.0
        D:7 |    1895 |    1242 |  39.6 |      16 |       6 |  27.3
        D:8 |     785 |     839 |  51.7 |      27 |       1 |   3.6
        D:9 |    1433 |    1910 |  57.1 |      21 |      19 |  47.5
            +---------+---------+-------+---------+---------+-------
